 Dungeon Crawl Stone Soup version 0.27-a0-909-g0721f309d1 (webtiles) character file.

Game seed: 1872650393707155885

24 dmks the Sneak (level 3, 28/28 HPs)
             Began as a Gnoll Wanderer on Apr 8, 2021.
             Was a Follower of Makhleb.
             Got out of the dungeon alive.
             The game lasted 00:02:01 (646 turns).

dmks the Sneak (Gnoll Wanderer)                      Turns: 646, Time: 00:02:02

Health: 28/28      AC:  2    Str: 10    XL:     3   Next: 2%
Magic:  3/3        EV: 11    Int: 11    God:    Makhleb [*.....]
Gold:   23         SH:  0    Dex: 13    Spells: 3/3 levels left

rFire    . . .     SeeInvis .   a - +2 dagger
rCold    . . .     Faith    .   (no shield)
rNeg     . . .     Spirit   .   d - +0 robe
rPois    .         Reflect  .   (no helmet)
rElec    .         Harm     .   (no cloak)
rCorr    .         Rampage  .   (no gloves)
Will     .....                  (no boots)
Stlth    +++.......             (no amulet)
HPRegen  0.09/turn              (no ring)
MPRegen  0.08/turn              (no ring)

@: no status effects
A: fangs 1, strong nose, distributed training
a: Renounce Religion


You escaped.
You worshipped Makhleb.
Makhleb was aware of your devotion.
You visited 1 branch of the dungeon, and saw 1 of its levels.

You collected 23 gold pieces.

Inventory:

Hand Weapons
 a - a +2 dagger (weapon)
Armour
 d - a +0 robe (worn)
Scrolls
 g - 2 scrolls of identify {unknown}
Potions
 b - a potion of berserk rage
 c - 2 potions of lignification {!q}
 e - a potion of heal wounds {unknown}
 f - a potion of attraction {unknown}
 h - a potion of curing {unknown}


   Skills:
 + Level 2.5 Fighting
 + Level 4.5 Short Blades
 + Level 4.5 Long Blades
 + Level 0.5 Axes
 + Level 0.5 Maces & Flails
 + Level 0.5 Polearms
 + Level 0.5 Staves
 + Level 0.5 Slings
 + Level 0.5 Bows
 + Level 0.5 Crossbows
 + Level 4.5 Throwing
 + Level 0.5 Armour
 + Level 0.5 Dodging
 + Level 5.9 Stealth
 + Level 0.5 Shields
 + Level 0.5 Unarmed Combat
 + Level 0.5 Spellcasting
 + Level 0.4 Conjurations
 + Level 0.4 Hexes
 + Level 0.4 Summonings
 + Level 0.4 Necromancy
 + Level 0.4 Translocations
 + Level 0.4 Transmutations
 + Level 0.4 Fire Magic
 + Level 0.4 Ice Magic
 + Level 0.4 Air Magic
 + Level 0.4 Earth Magic
 + Level 0.4 Poison Magic
 + Level 0.7 Invocations
 + Level 0.5 Evocations


You had 3 spell levels left.
You didn't know any spells.
Your spell library was empty.

Dungeon Overview and Level Annotations

Branches:
Dungeon (1/15)

Altars:
Makhleb


Innate Abilities, Weirdness & Mutations

You have very sharp teeth.
Your uncanny sense of smell can sniff out nearby items.
Your experience applies equally to all skills.


Message History

A kobold comes into view. It is wielding a +0 dagger.
The kobold moves out of view.
The kobold closely misses you.
You hit the kobold. Your bite misses the kobold. You hit the kobold.
The kobold closely misses you. The quokka closely misses you.
You hit the kobold.
You kill the kobold!
Makhleb accepts your kill. The quokka completely misses you.
You hit the quokka but do no damage. The quokka closely misses you.
You hit the quokka.
The quokka bites you but does no damage.
You barely miss the quokka. The quokka bites you.
You miss the quokka. The quokka completely misses you.
You hit the quokka.
You kill the quokka!
Makhleb accepts your kill.
No target in view!
No target in view!
No target in view!
No target in view!
No target in view!
No target in view!
No target in view!
Things that are here:
a +0 dagger; a kobold corpse A goblin comes into view.
It is wielding a +0 dagger.
A goblin is nearby!
A goblin is nearby!
The goblin shouts!
The goblin closely misses you.
Found a blackened lapis lazuli amulet.
You hit the goblin.
You kill the goblin!
Makhleb accepts your kill.
You have reached level 3!
Your experience leads to an increase in your attributes!
Increase (S)trength, (I)ntelligence, or (D)exterity?
You feel stronger.
You open the door.
There is an open door here.
You enter the shallow water.
Moving in this stuff is going to be slow.
There is an open door here.
There is a staircase leading out of the dungeon here.
You can't go down here!
You can't go down here!
Are you sure you want to leave the Dungeon?
This will make you lose the game!
You have escaped!

..#.....# #...###.##.## #....
........# #...# ##.#..# #....
...#....# ∆ ##'## #.##.###....
...####.# #...# #.##..##....
...#....# #####...#####.##.##....
...#.#### #≈≈.#...#.≈≈#.##.)#.#..
#.# #≈≈.#...#.≈≈#.#........
....)...# #≈..#...#..≈#.#.#.#.#..
..........#≈..'.@.'..≈'...#.#.#..
........#.#≈..#...#..≈#.#........
........# #≈≈.#...#.≈≈#.###......
......### #≈≈.#...#.≈≈#.# #...##.
......# #####...#####.#........
......# #...# .##.#...... ##+## .
#..>... . ....... ###.#..


There were no monsters in sight!

Vanquished Creatures
  An endoplasm (D:1)
  3 giant cockroaches (D:1)
  4 goblins (D:1)
  A hobgoblin (D:1)
  2 kobolds (D:1)
  A quokka (D:1)
  3 ball pythons (D:1)
  2 bats (D:1)
  2 frilled lizards (D:1)
  A rat (D:1)
20 creatures vanquished.

Notes
Turn   | Place    | Note
-------+----------+-------------------------------------------
     0 | D:1      | dmks the Gnoll Wanderer began the quest for the Orb.
     0 | D:1      | dmks set off with the following items: a +2 dagger, a
                  | potion of berserk rage, 2 potions of lignification {!q}, a
                  | +0 robe
     0 | D:1      | Reached XP level 1. HP: 17/17 MP: 1/1
    88 | D:1      | Reached XP level 2. HP: 15/23 MP: 2/2
   275 | D:1      | Found a faded altar of an unknown god.
   318 | D:1      | Became a worshipper of Makhleb the Destroyer
   318 | D:1      | Reached * piety under Makhleb
   589 | D:1      | Reached XP level 3. HP: 28/28 MP: 3/3
   646 | D:$      | Got out of the dungeon alive.

Illustrated notes

Levels and vault maps discovered:
D:1:      dpeg_arrival_yet_another_circle, layout_basic,
          chequers_ecumenical_altar_island, chequers_hall_statues_y,
          minmay_tromino_v4_b

Action                   || total
-------------------------++-------
Melee: Dagger            ||    50
       Bite              ||     2
 Stab: Sleeping          ||     6
Armor: Robe              ||    20
Dodge: Dodged            ||    29

Table legend: (Time is in decaauts)
 A = Elapsed time spent in this place.
 B = Non-inter-level travel time spent in this place.
 C = Inter-level travel time spent in this place.
 D = Time resting spent in this place.
 E = Time spent auto-exploring this place.
 F = Levels seen in this place.
 G = Mean time per level.
                   A        B        C        D        E       F      G
               +--------+--------+--------+--------+--------+-----+--------+
         Total |    643 |    587 |     56 |      0 |    450 |   1 |  643.0 |
       Dungeon |    643 |    587 |     56 |      0 |    450 |   1 |  643.0 |
               +--------+--------+--------+--------+--------+-----+--------+

Top non-repeatable levels by time:
     D:1: 643 daAuts
